 Dungeon Crawl Stone Soup version 0.26.1-11-gd32895ea62 (webtiles) character file.

Game seed: 9915813734179125231

2720 stebl the Carver (level 9, -8/84 HPs)
             Began as a Palentonga Fighter on Apr 13, 2021.
             Was a Priest of Uskayaw.
             Mangled by an ogre
             ... wielding a +0 giant club
              (24 damage)
             ... on level 7 of the Dungeon on June 24, 2021.
             The game lasted 00:38:44 (8204 turns).

stebl the Carver (Palentonga Fighter)               Turns: 8204, Time: 00:38:45

Health: -8/84      AC: 13    Str: 22    XL:     9   Next: 39%
Magic:  21/21      EV:  5    Int:  8    God:    Uskayaw [***...]
Gold:   240        SH: 10    Dex: 11    Spells: 8/8 levels left

rFire    . . .     SeeInvis +   a - +0 long sword
rCold    . . .     Faith    .   c - +1 kite shield
rNeg     + . .     Spirit   .   m - +0 scale mail
rPois    .         Reflect  .   (no helmet)
rElec    .         Harm     .   (no cloak)
rCorr    .         Rampage  .   (no gloves)
Will     .....                  (no barding)
Stlth    ..........             (no amulet)
HPRegen  0.24/turn              g - ring of magical power
MPRegen  0.17/turn              l - ring of positive energy

@: curled up
A: large, rugged brown scales 3, see invisible, deformed body, roll 1, armoured
tail, reflexive curl
a: Rolling Charge, Renounce Religion, Stomp, Line Pass


You were on level 7 of the Dungeon.
You worshipped Uskayaw.
Uskayaw was noncommittal.
You visited 1 branch of the dungeon, and saw 7 of its levels.
You also visited: Sewer and Ossuary.

You collected 316 gold pieces.
You spent 76 gold pieces at shops.

Inventory:

Hand Weapons
 a - a +0 long sword (weapon)
 b - a +0 hunting sling
Missiles
 e - 62 sling bullets
 f - 49 poisoned darts
Armour
 c - a +1 kite shield (worn)
 m - a +0 scale mail (worn)
Jewellery
 g - a ring of magical power (left hand)
 l - a ring of positive energy (right hand)
 t - a cursed ring of positive energy
 y - an uncursed ring of see invisible {unknown}
 B - an uncursed ring of positive energy
Wands
 n - a wand of digging (3)
Scrolls
 k - 10 scrolls of remove curse
 q - a scroll of magic mapping
 s - a scroll of enchant armour
 u - a scroll of immolation
 w - 5 scrolls of identify
 A - a scroll of amnesia
Potions
 d - 3 potions of brilliance {unknown}
 h - 5 potions of degeneration {unknown}
 i - 8 potions of curing
 j - 2 potions of attraction {unknown}
 o - a potion of magic
 p - 3 potions of lignification {unknown}
 r - 2 potions of berserk rage {unknown}
 v - 2 potions of flight {unknown}
 x - a potion of might
 z - 2 potions of heal wounds {unknown}


   Skills:
 - Level 7.0 Fighting
 * Level 10.6 Long Blades
 - Level 2.5 Armour
 - Level 2.5 Shields
 + Level 4.1 Invocations


You had 8 spell levels left.
You didn't know any spells.
Your spell library was empty.

Dungeon Overview and Level Annotations

Branches:
Dungeon (7/15)             Temple (0/1) D:6           Sewer (visited)
Ossuary (visited)

Altars:
Cheibriados
Kikubaaqudgha
Qazlal
Sif Muna
Uskayaw
Vehumet
Xom
Yredelemnul
Zin

Shops:
D:6 ?

Annotations:
D:5 2 transporters, Menkaure


Innate Abilities, Weirdness & Mutations

You are completely covered in rugged brown scales. (AC +3, +7% HP)
You have supernaturally acute eyesight. (SInv)
Armour fits poorly on your strangely shaped body.
You can roll at nearby foes to attack.
You have a long armoured tail.
You curl defensively after being hit.


Message History

You hit the orc but do no damage. The orc barely misses you.
The orc hits you with a +0 mace.
* * * LOW HITPOINT WARNING * * *
You block the orc warrior's attack.
You slash the orc!
You kill the orc!
You block the ogre's attack. The orc hits you with a +0 mace.
* * * LOW HITPOINT WARNING * * *
The orc warrior barely misses you.
Uskayaw will force your foes to helplessly watch your dance.
Uskayaw prepares the audience for your solo!
The helpless orc warrior fails to defend itself.
You slash the orc warrior!
The orc warrior is almost dead.
The ogre is no longer paralysed.
The orc warrior is no longer paralysed.
The orc is no longer paralysed.
The hound is no longer paralysed.
The orc warrior hits you with a +0 trident!
* * * LOW HITPOINT WARNING * * *
The ogre hits you with a +0 giant club!!
You die...

#.#######.#
#....[....#
#########.# #.#
## #.# ..
#####.#.##
#####........#
#...#.##o....##
#.†.o@o.......#
#.).#.##O....##(#
##.##...h....# .
#. #####.#.## #
#.#... #'##### .
.


You could see an orc warrior, an ogre, a hound and 2 orcs.

Vanquished Creatures
  A hornet zombie (D:6)
  2 sky beasts
  A phantom (D:4)
  2 ogres (D:4)
  3 centaurs
  Blork the orc (D:6)
  A big kobold (Sewer)
  3 bullfrogs (D:6)
  4 water moccasin zombies (Ossuary)
  4 scorpions
  2 water moccasin skeletons (D:4)
  A howler monkey (D:4)
  An electric eel (D:6)
  A centaur zombie (D:6)
  3 bullfrog zombies (D:5)
  A bullfrog skeleton (D:5)
  A hound (D:5)
  4 orc wizards
  2 orc priests
  An iguana (D:6)
  Natasha (D:3)
  4 worker ants
  7 big kobold zombies (Ossuary)
  2 mummies (Ossuary)
  Robin (D:2)
  A howler monkey zombie (D:6)
  4 gnolls (D:6)
  9 adders
  A shadow imp (D:5)
  3 white imps
  5 oozes
  4 adder zombies
  4 worms
  2 dart slugs
  7 leopard geckos
  37 orcs
  11 bats
  11 giant cockroaches
  A gnoll zombie (Ossuary)
  9 hobgoblins
  8 jackals
  A quokka (D:6)
  3 ball pythons
  5 frilled lizards
  15 goblins
  8 hobgoblin zombies (Ossuary)
  2 jackal skeletons
  21 kobolds
  3 kobold zombies (Ossuary)
  A leopard gecko skeleton (D:5)
  8 orc zombies (Ossuary)
  A quokka skeleton (D:4)
  9 rats
248 creatures vanquished.

Vanquished Creatures (others)
  2 kobold zombies (Ossuary)
  42 plants
44 creatures vanquished.

Grand Total: 292 creatures vanquished

Notes
Turn   | Place    | Note
-------+----------+-------------------------------------------
     0 | D:1      | stebl the Palentonga Fighter began the quest for the Orb.
     0 | D:1      | Reached XP level 1. HP: 20/20 MP: 1/1
   311 | D:1      | Reached XP level 2. HP: 27/27 MP: 2/2
   868 | D:2      | Reached XP level 3. HP: 31/33 MP: 3/3
  1035 | D:2      | Reached skill level 3 in Long Blades
  1103 | D:2      | Noticed Robin
  1107 | D:2      | Killed Robin
  1633 | D:2      | Reached XP level 4. HP: 42/42 MP: 4/4
  1851 | D:3      | Reached skill level 4 in Long Blades
  2259 | D:3      | Reached XP level 5. HP: 49/49 MP: 5/5
  2914 | D:3      | Noticed Natasha
  2917 | D:3      | Killed Natasha
  3086 | D:4      | Noticed an ogre
  3098 | D:4      | Noticed a phantom
  3139 | D:4      | Killed an ogre
  3140 | D:4      | Reached skill level 5 in Long Blades
  3140 | D:4      | Reached XP level 6. HP: 26/56 MP: 6/6
  3361 | D:4      | Found a sand-covered staircase.
  3368 | Ossuary  | Entered an ossuary
  3414 | Ossuary  | Reached skill level 5 in Fighting
  3419 | Ossuary  | Reached skill level 6 in Long Blades
  3612 | Ossuary  | Gained mutation: You curl defensively after being hit.
                  | [Palentonga growth]
  3612 | Ossuary  | Reached XP level 7. HP: 52/65 MP: 7/7
  4079 | D:4      | Reached skill level 7 in Long Blades
  4408 | D:4      | Found a radiant altar of Vehumet.
  4776 | D:4      | Reached XP level 8. HP: 70/74 MP: 8/8
  4811 | D:4      | Found a snail-covered altar of Cheibriados.
  4811 | D:4      | Found a stormy altar of Qazlal.
  5267 | D:5      | Entered Level 5 of the Dungeon
  5292 | D:5      | Reached skill level 8 in Long Blades
  5631 | D:5      | Found a glowing drain.
  5643 | Sewer    | Entered a sewer
  6021 | D:5      | Found a transporter.
  6095 | D:5      | Found a transporter.
  6096 | D:5      | Noticed Menkaure
  6098 | D:5      | Found an ancient bone altar of Kikubaaqudgha.
  6138 | D:5      | Found a basalt altar of Yredelemnul.
  6166 | D:5      | Reached skill level 9 in Long Blades
  6332 | D:5      | Noticed a +0 dagger
  6332 | D:5      | Noticed a +0 dagger
  6443 | D:5      | Found a hide-covered altar of Uskayaw.
  6462 | D:5      | Became a worshipper of Uskayaw the Reveller
  6559 | D:6      | Reached * piety under Uskayaw
  6561 | D:6      | Reached skill level 1 in Invocations
  6563 | D:6      | Found a staircase to the Ecumenical Temple.
  6606 | D:6      | Reached ** piety under Uskayaw
  6738 | D:6      | Found a shimmering blue altar of Sif Muna.
  6829 | D:6      | Found Cuxt's Magic Scroll Shoppe.
  6958 | D:6      | Bought a scroll of magic mapping for 38 gold pieces
  6958 | D:6      | Bought a scroll of immolation for 38 gold pieces
  7017 | D:6      | Reached *** piety under Uskayaw
  7018 | D:6      | Reached XP level 9. HP: 81/84 MP: 10/10
  7180 | D:6      | Noticed Blork the orc
  7181 | D:6      | Reached skill level 10 in Long Blades
  7182 | D:6      | Noticed a troll
  7188 | D:6      | Noticed an angel
  7193 | D:6      | Killed Blork the orc
  7194 | D:6      | Found a glowing silver altar of Zin.
  7194 | D:6      | Found a shimmering altar of Xom.
  8204 | D:7      | Mangled by an ogre

Illustrated notes

Levels and vault maps discovered:
D:1:      dpeg_arrival_tiny_a, layout_loops_ring, chequers_big_river
D:2:      layout_rooms, grunt_decor_clamped, uniq_robin
D:3:      minmay_evil_eye, layout_rooms, roderic_lattice_a, uniq_natasha
D:4:      layout_cave_pods, general_overflow_altar,
          gammafunk_temple_overflow_wave, nicolae_ossuary_entry_ruins
D:5:      layout_basic, gammafunk_temple_of_torment, dancing_weapons_uskayaw,
          gup_sewer_entry_pipe
D:6:      layout_loops_ring, grunt_temple_overflow_order_and_chaos_1,
          lemuel_crystal_altar, temple_green, serial_shops,
          nicolae_shop_waterfront, serial_bayou, serial_bayou_pond_a,
          serial_bayou_pond_e, serial_bayou_lagoon_a, serial_bayou_pond_e,
          minmay_manual_mandibuliform, uniq_blork_the_orc
D:7:      layout_loops_corners

Skill      XL: |  1  2  3  4  5  6  7  8  9 |
---------------+----------------------------+-----
Long Blades    | 3 4 5 6 7 9 10 | 10.6
Fighting       | 4 5 6 7 |  7.0
Invocations    | 2 4 |  4.1
Armour         | |  2.5
Shields        | |  2.5

Action                   |  1- 3 |  4- 6 |  7- 9 || total
-------------------------+-------+-------+-------++-------
Melee: Long sword        |   110 |   223 |   447 ||   780
       Tailslap          |    17 |    27 |    61 ||   105
 Fire: Hunting sling     |     7 |     2 |       ||     9
Invok: Line Pass         |       |       |     4 ||     4
       Stomp             |       |       |     3 ||     3
 Abil: Rolling Charge    |    10 |    13 |    56 ||    79
  Use: Scroll            |       |     5 |     4 ||     9
       Potion            |       |     1 |     1 ||     2
 Stab: Paralysed         |       |       |     5 ||     5
Armor: Scale mail        |    64 |   107 |   105 ||   276
Dodge: Dodged            |    21 |    49 |    70 ||   140
Block: Kite shield       |    58 |   125 |   188 ||   371
       Rpst.: Long sword |     4 |    17 |    23 ||    44
